 Dungeon Crawl Stone Soup version 0.28-a0-1241-gf280a0fbb2 (webtiles) character file.

Game seed: 8104361906403501879

785 Gargoyl the Skirmisher (level 7, -7/60 HPs)
             Began as a Gnoll Abyssal Knight on Dec 26, 2021.
             Was a Believer of Lugonu.
             Mangled by a komodo dragon (25 damage)
             ... on level 7 of the Dungeon.
             The game lasted 00:10:11 (5849 turns).

Gargoyl the Skirmisher (Gnoll Abyssal Knight)       Turns: 5849, Time: 00:10:12

Health: -7/60      AC: 14    Str: 11 (14) XL:     7   Next: 86%
Magic:  11/11      EV:  3    Int:  8 (10) God:    Lugonu [**....]
Gold:   388        SH:  0    Dex: 11 (12) Spells: 11/11 levels left

rFire   . . .      SeeInvis +   a - +1 hand axe
rCold   . . .      Faith    .   (no shield)
rNeg    . . .      Spirit   .   c - +0 plate armour
rPois   .          Reflect  .   d - +0 helmet {SInv}
rElec   .          Harm     .   (no cloak)
rCorr   .          Rampage  .   h - +0 pair of gloves
Will    .....                   (no boots)
Stlth   ..........              (no amulet)
HPRegen 0.20/turn               (no ring)
MPRegen 0.12/turn               (no ring)

@: no status effects
A: fangs 1, strong nose, distributed training
a: Renounce Religion, Depart the Abyss, Bend Space


You were on level 7 of the Dungeon.
You worshipped Lugonu.
Lugonu was pleased with you.
You visited 1 branch of the dungeon, and saw 7 of its levels.
You visited the Abyss 1 time.

You collected 388 gold pieces.

Inventory:

Hand Weapons
 a - a +1 hand axe (weapon)
Missiles
 k - 4 poisoned darts (quivered)
Armour
 c - a +0 plate armour (worn)
 d - a +0 helmet of see invisible (worn)
 h - a +0 pair of gloves (worn)
Wands
 m - a wand of acid (2)
 n - a wand of charming (7)
Scrolls
 b - a scroll of fear
 g - a scroll of teleportation
 i - 2 scrolls of identify
 l - a scroll of blinking
 o - a scroll of immolation {unknown}
 r - a scroll of summoning
Potions
 e - 2 potions of brilliance
 q - a potion of magic


   Skills:
 + Level 7.1 Fighting
 + Level 2.7 Short Blades
 + Level 2.7 Long Blades
 + Level 5.4 Axes
 + Level 2.7 Maces & Flails
 + Level 2.7 Polearms
 + Level 2.7 Staves
 + Level 2.7 Slings
 + Level 2.7 Bows
 + Level 2.7 Crossbows
 + Level 2.7 Throwing
 + Level 5.4 Armour
 + Level 3.8 Dodging
 + Level 2.7 Stealth
 + Level 2.7 Shields
 + Level 2.7 Unarmed Combat
 + Level 2.7 Spellcasting
 + Level 2.2 Conjurations
 + Level 2.2 Hexes
 + Level 2.2 Summonings
 + Level 2.2 Necromancy
 + Level 2.2 Translocations
 + Level 2.2 Transmutations
 + Level 2.2 Fire Magic
 + Level 2.2 Ice Magic
 + Level 2.2 Air Magic
 + Level 2.2 Earth Magic
 + Level 2.2 Poison Magic
 + Level 5.5 Invocations
 + Level 2.7 Evocations


You had 11 spell levels left.
You didn't know any spells.
Your spell library contained the following spells:

 Spells                   Type           Power      Damage    Failure   Level
 Sting                    Tmut/Pois      16%        1d3       100%        1
 Poisonous Vapours        Pois/Air       8%         N/A       100%        2
 Ignite Poison            Fire/Tmut/Pois 4%         N/A       100%        3
 Mephitic Cloud           Conj/Pois/Air  4%         N/A       100%        3
 Olgreb's Toxic Radiance  Pois           4%         N/A       100%        4
 Freezing Cloud           Conj/Ice/Air   2%         6-21      100%        5


Dungeon Overview and Level Annotations

Branches:
Dungeon (7/15)
 Temple: D:4-7

Altars:
Sif Muna

Annotations:
D:4 Grinder
D:6 3 runed translucent doors, Gargoyl's ghost, novice GnAK; Prince Ribbit


Innate Abilities, Weirdness & Mutations

You have very sharp teeth.
Your uncanny sense of smell can sniff out nearby items.
Your experience applies equally to all skills.


Message History

Press: ? - help, Q - select action, (/) - cycle Shift-Dir - straight line, f/p - komodo dragon
Aim: a komodo dragon (moderately wounded, poisoned, 64% to hit)
You throw a poisoned dart.
The poisoned dart hits the komodo dragon.
The komodo dragon looks even sicker.
The komodo dragon is moderately wounded.
The komodo dragon barely misses you.
The komodo dragon bites you but does no damage.
The komodo dragon hisses menacingly.
There is a stone staircase leading down here.
The komodo dragon looks more healthy.
Throw: 7 darts (poison)
Press: ? - help, Q - select action, (/) - cycle Shift-Dir - straight line, f/p - komodo dragon
Aim: a komodo dragon (heavily wounded, 68% to hit)
You throw a poisoned dart.
The poisoned dart barely misses the komodo dragon.
The poisoned dart hits the necrophage.
Throw: 6 darts (poison)
Press: ? - help, Q - select action, (/) - cycle Shift-Dir - straight line, f/p - komodo dragon
Aim: a komodo dragon (heavily wounded, 68% to hit)
You throw a poisoned dart.
The poisoned dart hits the komodo dragon.
The komodo dragon is poisoned.
The komodo dragon is heavily wounded.
The komodo dragon bites you!
* * * LOW HITPOINT WARNING * * *
Throw: 5 darts (poison)
Press: ? - help, Q - select action, (/) - cycle Shift-Dir - straight line, f/p - komodo dragon
Aim: a komodo dragon (heavily wounded, poisoned, 67% to hit)
You throw a poisoned dart.
The poisoned dart hits the komodo dragon.
The komodo dragon looks even sicker.
The komodo dragon is heavily wounded.
The komodo dragon bites you.
* * * LOW HITPOINT WARNING * * *
There is a stone staircase leading down here.
You see here a poisoned dart.
The komodo dragon looks more healthy.
You feel better. The komodo dragon bites you!!
You die...

#...### #.# ###
#....>. ..#
##.####...#####.##
#................#
#......(.........#
##.....(.........#
#(##.#>..#.###.##
.#
..(##.#(......(.#
.#
#.#####@#..)#.#####
.# ..
#l#n..#.#######.##
. #n#...#.##...
...#
#.......##.###...#
####........<....<
#..............
#.####.........
#.#.<.....)....
#.#.##........#


You could see a komodo dragon and a necrophage.

Vanquished Creatures
  A water moccasin (D:5)
  2 ogres (D:6)
  A scorpion (D:5)
  A hound (D:5)
  A centaur skeleton (D:4)
  2 orc priests
  3 iguanas
  3 orc wizards
  A hound zombie (D:5)
  5 adders
  An adder skeleton (D:4)
  3 worms
  2 dart slugs
  10 orcs
  3 ball pythons
  6 bats
  5 endoplasms
  3 giant cockroaches
  2 jackals (D:1)
  6 quokkas
  5 frilled lizards
  7 goblins
  7 kobolds
  3 rats
83 creatures vanquished.

Vanquished Creatures (collateral kills)
  An iguana (D:5)
1 creature vanquished.

Vanquished Creatures (others)
  3 fungi (D:6)
  A plant (D:6)
4 creatures vanquished.

Grand Total: 88 creatures vanquished

Notes
Turn   | Place    | Note
-------+----------+-------------------------------------------
     0 | Abyss:1  | Gargoyl the Gnoll Abyssal Knight began the quest for the
                  | Orb.
     0 | Abyss:1  | Reached XP level 1. HP: 23/23 MP: 3/3
    28 | Abyss:1  | Found a corrupted altar of Lugonu.
   114 | Abyss:1  | Noticed a large abomination
   149 | Abyss:1  | Noticed a small abomination
   159 | Abyss:1  | Found a corrupted altar of Lugonu.
   206 | Abyss:3  | Found a corrupted altar of Lugonu.
   245 | Abyss:3  | Noticed an iron dragon skeleton
   305 | Abyss:3  | Noticed a starcursed mass
   305 | D:1      | Escaped the Abyss
   430 | D:1      | Reached XP level 2. HP: 28/29 MP: 5/5
   435 | D:1      | Reached * piety under Lugonu
   842 | D:1      | Reached XP level 3. HP: 35/35 MP: 6/6
  1421 | D:2      | Found a faded altar of an unknown god.
  1633 | D:2      | Reached skill level 1 in Short Blades
  1633 | D:2      | Reached skill level 1 in Long Blades
  1633 | D:2      | Reached skill level 1 in Maces & Flails
  1633 | D:2      | Reached skill level 1 in Polearms
  1633 | D:2      | Reached skill level 1 in Staves
  1633 | D:2      | Reached skill level 1 in Slings
  1633 | D:2      | Reached skill level 1 in Bows
  1633 | D:2      | Reached skill level 1 in Crossbows
  1633 | D:2      | Reached skill level 1 in Throwing
  1633 | D:2      | Reached skill level 1 in Stealth
  1633 | D:2      | Reached skill level 1 in Shields
  1633 | D:2      | Reached skill level 1 in Unarmed Combat
  1633 | D:2      | Reached skill level 1 in Spellcasting
  1633 | D:2      | Reached skill level 1 in Evocations
  2112 | D:3      | Reached XP level 4. HP: 33/41 MP: 7/7
  2386 | D:3      | Reached skill level 1 in Conjurations
  2386 | D:3      | Reached skill level 1 in Hexes
  2386 | D:3      | Reached skill level 1 in Summonings
  2386 | D:3      | Reached skill level 1 in Necromancy
  2386 | D:3      | Reached skill level 1 in Translocations
  2386 | D:3      | Reached skill level 1 in Transmutations
  2386 | D:3      | Reached skill level 1 in Fire Magic
  2386 | D:3      | Reached skill level 1 in Ice Magic
  2386 | D:3      | Reached skill level 1 in Air Magic
  2386 | D:3      | Reached skill level 1 in Earth Magic
  2386 | D:3      | Reached skill level 1 in Poison Magic
  2788 | D:2      | Reached XP level 5. HP: 47/47 MP: 8/8
  2892 | D:3      | Reached ** piety under Lugonu
  3644 | D:4      | Noticed Grinder
  3647 | D:5      | Entered Level 5 of the Dungeon
  3678 | D:5      | Reached skill level 5 in Invocations
  3678 | D:5      | Reached XP level 6. HP: 41/53 MP: 9/9
  4321 | D:6      | Noticed a water moccasin
  4341 | D:5      | Reached skill level 5 in Axes
  4341 | D:5      | Reached skill level 5 in Armour
  4559 | D:5      | Killed a water moccasin
  4560 | D:5      | Reached skill level 7 in Fighting
  4560 | D:5      | Reached XP level 7. HP: 35/60 MP: 10/10
  5224 | D:6      | Found a runed translucent gate.
  5225 | D:6      | Found a runed translucent gate.
  5226 | D:6      | Found a runed translucent gate.
  5230 | D:6      | Noticed Gargoyl's ghost (novice GnAK)
  5299 | D:6      | Found a shimmering blue altar of Sif Muna.
  5493 | D:6      | Noticed Prince Ribbit
  5780 | D:7      | Noticed a komodo dragon
  5849 | D:7      | Mangled by a komodo dragon

Illustrated notes

Levels and vault maps discovered:
D:1:      mushboom_english_gardens, layout_basic
D:2:      layout_loops_corners, basic_ecumenical_altar
D:3:      layout_basic, gup_sewer_entry_pipe
D:4:      layout_basic, lemuel_zombie_altar_yredelemnul, temple_hall,
          minivault_11, dk_rats_in_the_wall, uniq_grinder
D:5:      layout_cave_pools
D:6:      layout_basic, led_sif_pool, gammafunk_ghost_nasty_kobolds,
          uniq_eustachio, uniq_prince_ribbit1
D:7:      minmay_slanted_spiral_squares, layout_loops_cross,
          mainiacjoe_overflow_tiny_flanked

Skill      XL: |  1  2  3  4  5  6  7 |
---------------+----------------------+-----
Short Blades   | 1 2 |  2.7
Long Blades    | 1 2 |  2.7
Maces & Flails | 1 2 |  2.7
Polearms       | 1 2 |  2.7
Staves         | 1 2 |  2.7
Slings         | 1 2 |  2.7
Bows           | 1 2 |  2.7
Crossbows      | 1 2 |  2.7
Throwing       | 1 2 |  2.7
Stealth        | 1 2 |  2.7
Shields        | 1 2 |  2.7
Unarmed Combat | 1 2 |  2.7
Spellcasting   | 1 2 |  2.7
Evocations     | 1 2 |  2.7
Conjurations   | 1 2 |  2.2
Hexes          | 1 2 |  2.2
Summonings     | 1 2 |  2.2
Necromancy     | 1 2 |  2.2
Translocations | 1 2 |  2.2
Transmutations | 1 2 |  2.2
Fire Magic     | 1 2 |  2.2
Ice Magic      | 1 2 |  2.2
Air Magic      | 1 2 |  2.2
Earth Magic    | 1 2 |  2.2
Poison Magic   | 1 2 |  2.2
Dodging        | 3 |  3.8
Invocations    | 5 |  5.5
Axes           | 5 |  5.4
Armour         | 5 |  5.4
Fighting       | 7 |  7.1

Action                   |  1- 3 |  4- 6 |  7- 9 || total
-------------------------+-------+-------+-------++-------
Melee: Hand axe          |   110 |   219 |    60 ||   389
       Bite              |    11 |    12 |     2 ||    25
       Punch             |     1 |       |     2 ||     3
Throw: Dart              |       |       |    25 ||    25
Invok: Depart the Abyss  |     1 |       |       ||     1
  Use: Scroll            |     2 |     5 |     1 ||     8
       Potion            |     1 |     6 |     4 ||    11
 Stab: Invisible         |       |     2 |       ||     2
Armor: Plate armour      |   108 |   165 |    40 ||   313
       Skin              |       |    27 |       ||    27
Dodge: Dodged            |    24 |    73 |    23 ||   120

Table legend: (Time is in decaauts)
 A = Elapsed time spent in this place.
 B = Non-inter-level travel time spent in this place.
 C = Inter-level travel time spent in this place.
 D = Time resting spent in this place.
 E = Time spent auto-exploring this place.
 F = Levels seen in this place.
 G = Mean time per level.
                   A        B        C        D        E       F      G
               +--------+--------+--------+--------+--------+-----+--------+
         Total |   5883 |   5793 |     90 |    653 |   3956 |  10 |  588.3 |
       Dungeon |   5577 |   5487 |     90 |    653 |   3752 |   7 |  796.7 |
         Abyss |    305 |    305 |      0 |      0 |    204 |   3 |  101.7 |
               +--------+--------+--------+--------+--------+-----+--------+

Top non-repeatable levels by time:
     D:5: 1290 daAuts
     D:2: 1189 daAuts
     D:3: 1124 daAuts
     D:6: 736 daAuts
     D:1: 710 daAuts
     D:4: 345 daAuts
     D:7: 180 daAuts
 Abyss:1: 175 daAuts
 Abyss:3: 100 daAuts
 Abyss:2: 29 daAuts
